AoeStats
← naphtaligrauer16

Arena

510503671Analyzed
1v1 RM · 2d ago on Oct 1, 2026· 31m 44s· 2 players
Game mode
Random Map
Map size
Tiny (2 player)
Population
200
Speed
Normal
Resources
Standard
Victory
Conquest
Starting age
Dark Age
Ending age
Imperial Age
RankedLock teamsTeams togetherTeam positionsShared explorationLock speedFull tech treeHidden civsTurbo modeCheats
Victory
Defeat
🇷🇺 Khmer · Russia
1526
+15
🇩🇪 Gurjaras · Germany
1504
-15
naphtaligrauer16
10:56 Feudal Age
14:42 Castle Age
12:29 Double-Bit Axe
12:32 Horse Collar
17:54 Loom
18:59 Town Watch
21:49 Scale Barding Armor
21:55 Forging
26:14 Bloodlines
26:07 Husbandry
JustHaveFun()
9:39 Feudal Age
12:27 Castle Age
10:39 Double-Bit Axe
11:33 Horse Collar
18:36 Bloodlines
18:28 Husbandry
19:22 Light Cavalry
21:29 Loom
21:40 Town Watch
24:22 Wheelbarrow
26:55 Imperial Age
26:32 Scale Barding Armor
27:08 Gold Mining
27:52 Chain Barding Armor
31:49 Plate Barding Armor
Connection lost

Rejoining the realm…

Still unreachable

The connection could not be restored.

Session expired

The server has moved on; the page needs a fresh start.